Map: Romanticide LE

Players

Krystianer

  • Race: Protoss Protoss
  • League: Grandmaster

PtitDrogo - Winner!

  • Race: Protoss Protoss
  • League: Grandmaster

Event: DreamHack SC2 Masters 2021 Summer

VOD

Have the link to the VOD?

Description

Time

  • Played on: May 30, 2021, 10:57 a.m.
  • Length: 13:27

All games in this series

Show
View Real Time Build Order
Export as new Build Order

Krystianer Protoss 

Build Orders: Oracle Opening 

Get SALT Encoding   

  12  0:00  Probe  
  13  0:12  Probe  
  14  0:18  Pylon  
  14  0:24  Probe  
  15  0:36  Probe (Chrono Boost)  
  15  0:39  Gateway  
  16  0:46  Probe (Chrono Boost), Assimilator  
  17  0:51  Probe (Chrono Boost)  
  18  0:58  Assimilator  
  18  1:03  Probe (Chrono Boost)  
  19  1:05  Pylon  
  19  1:14  Probe (Chrono Boost)  
  20  1:18  Probe (Chrono Boost)  
  21  1:26  Cybernetics Core  
  21  1:29  Probe  
  21  1:31  Zealot  
  24  1:41  Probe  
  25  1:53  Probe  
  26  2:02  Stargate  
  26  2:03  Stalker (Chrono Boost)  
  28  2:17  Warp Gate  
  28  2:26  Nexus  
  28  2:34  Stalker  
  30  2:42  Pylon  
  30  2:44  Probe  
  30  2:59  Oracle (Chrono Boost)  
  30  3:02  Shield Battery  
  30  3:03  Probe  
  34  3:12  Shield Battery  
  34  3:16  Probe  
  35  3:28  Probe, Oracle  
  39  3:40  Probe  
  40  3:42  Probe  
  40  3:52  Probe  
  40  3:54  Probe  
  40  3:57  Twilight Council  
  40  4:04  Probe  
  40  4:05  Stalker  
  40  4:08  Probe  
  40  4:09  Forge  
  43  4:17  Probe (Chrono Boost)  
  43  4:21  Probe (Chrono Boost)  
  44  4:29  Stalker  
  48  4:32  Probe (Chrono Boost)  
  48  4:33  Blink (Chrono Boost)  
  48  4:34  Probe (Chrono Boost)  
  48  4:37  Probe (Chrono Boost)  
  48  4:40  Probe  
  48  4:42  Protoss Ground Weapons Level 1 (Chrono Boost), Pylon  
  50  4:47  Probe (Chrono Boost)  
  52  4:55  Assimilator  
  52  4:58  Probe (Chrono Boost)  
  52  4:59  Probe (Chrono Boost)  
  53  5:06  Probe (Chrono Boost), Nexus  
  54  5:11  Gateway  
  54  5:12  Probe  
  55  5:16  Stalker  
  57  5:24  Gateway  
  57  5:28  Probe, Gateway  
  58  5:31  Pylon  
  58  5:33  Probe  
  59  5:40  Stalker  
  61  5:44  Probe, Pylon  
  61  5:49  Probe  
  63  5:56  Probe  
  64  6:01  Probe  
  65  6:07  Stalker x2  
  65  6:09  Probe  
  70  6:13  Probe, Pylon  
  71  6:18  Photon Cannon  
  71  6:19  Probe  
  71  6:21  Probe  
  73  6:26  Probe  
  73  6:28  Stalker x2  
  73  6:31  Stalker x2  
  82  6:34  Probe, Pylon  
  82  6:37  Probe  
  82  6:38  Protoss Ground Weapons Level 2 (Chrono Boost)  
  84  6:41  Probe  
  84  6:43  Gateway  
  85  6:55  Stalker x4  
  85  6:58  Charge  
  85  6:59  Pylon  
  91  7:21  Gateway  
  91  7:23  Gateway, Nexus  
  91  7:24  Pylon  
  91  7:25  Probe x2, Gateway  
  93  7:30  Templar Archives  
  93  7:35  Pylon  
  93  7:41  Zealot x5  
  101  7:45  Probe x2  
  101  7:47  Photon Cannon  
  101  7:50  Pylon  
  100  8:06  Gateway  
  100  8:07  Gateway, High Templar x2, Zealot x3, Robotics Facility  
  100  8:11  Shield Battery  
  111  8:12  Probe  
  111  8:13  Probe  
  111  8:17  Probe  
  111  8:18  Archon  
  113  8:23  Gateway  
  113  8:26  Gateway  
  112  8:28  Zealot  
  112  8:29  Zealot x3  
  120  8:38  High Templar  
  120  8:39  High Templar  
  124  8:42  Archon  
  124  8:43  Zealot x2  
  124  8:48  Pylon  
  128  8:50  Zealot x4  
  128  8:55  Warp Prism (Chrono Boost), Protoss Ground Armor Level 1 (Chrono Boost)  
  136  8:59  Shield Battery  
  138  9:05  Zealot x2  
  138  9:06  Zealot x2  
  146  9:12  Zealot x3  
  152  9:17  Pylon  
  152  9:24  High Templar x2  
  152  9:26  Zealot x4  
  152  9:28  Archon  
  164  9:33  Pylon  
  164  9:37  Zealot x2  
  168  9:39  Stalker  
  168  9:45  Zealot  
  161  9:58  Probe, Zealot x2  
  161  9:59  Zealot  
  158  10:01  Zealot  
  158  10:02  Zealot x7  
  154  10:10  Zealot  
  154  10:12  Probe  
  145  10:19  Zealot x2  
  128  10:22  Zealot  
  128  10:23  Zealot x8  
  128  10:25  Probe  
  110  10:39  Probe  
  110  10:40  Zealot x2  
  104  10:43  Probe x2  
  104  10:49  Probe  
  105  10:50  Observer (Chrono Boost)  
  105  10:51  Probe  
  102  10:57  Zealot x4  
  102  10:58  Zealot  
  104  11:10  Observer (Chrono Boost)  
  84  11:15  Probe x2  
  74  11:19  Probe  
  71  11:25  High Templar  
  71  11:26  High Templar, Zealot  
  71  11:27  Zealot x6  
  71  11:31  Archon  
  61  11:48  Zealot x3  
  62  11:58  Probe x2  
  52  12:18  Zealot x4  
  52  12:20  Pylon  
  56  12:39  Zealot x4  
  56  12:41  Probe x2  
  66  12:50  Probe  
  67  12:58  Observer (Chrono Boost)  
  67  13:02  Zealot x3  
  73  13:19  Zealot x2  
Show
View Real Time Build Order
Export as new Build Order

PtitDrogo Protoss - Winner!

Build Orders:  

Get SALT Encoding   

  12  0:00  Probe  
  13  0:12  Probe  
  14  0:17  Pylon  
  14  0:24  Probe  
  15  0:35  Gateway  
  15  0:36  Probe (Chrono Boost)  
  16  0:46  Probe (Chrono Boost), Assimilator  
  17  0:51  Probe (Chrono Boost)  
  18  1:00  Assimilator  
  18  1:03  Probe (Chrono Boost)  
  19  1:10  Gateway  
  19  1:13  Probe (Chrono Boost)  
  19  1:18  Probe (Chrono Boost)  
  20  1:25  Cybernetics Core  
  21  1:29  Probe  
  22  1:35  Pylon  
  22  1:41  Probe  
  23  1:53  Probe  
  24  2:02  Stalker x2  
  24  2:03  Warp Gate  
  28  2:11  Pylon  
  27  2:32  Stalker x2  
  31  2:51  Nexus  
  31  2:54  Probe (Chrono Boost)  
  32  3:03  Probe (Chrono Boost)  
  33  3:06  Pylon, Sentry  
  33  3:08  Sentry  
  33  3:11  Probe  
  38  3:21  Shield Battery  
  38  3:23  Probe (Chrono Boost)  
  39  3:33  Probe (Chrono Boost)  
  40  3:37  Shield Battery  
  40  3:38  Probe (Chrono Boost)  
  41  3:49  Probe  
  41  3:54  Stalker x2  
  47  4:03  Probe (Chrono Boost)  
  47  4:05  Probe (Chrono Boost)  
  48  4:14  Probe (Chrono Boost)  
  48  4:17  Probe (Chrono Boost)  
  50  4:21  Probe  
  51  4:26  Probe (Chrono Boost)  
  51  4:27  Twilight Council  
  51  4:28  Forge  
  52  4:37  Stalker  
  52  4:38  Probe x2 (Chrono Boost)  
  56  4:44  Pylon  
  56  4:45  Probe (Chrono Boost)  
  58  4:47  Probe (Chrono Boost)  
  56  4:53  Probe, Protoss Ground Weapons Level 1  
  56  4:57  Probe  
  58  5:00  Assimilator  
  58  5:01  Blink (Chrono Boost)  
  58  5:06  Probe  
  59  5:09  Probe  
  59  5:10  Pylon  
  60  5:18  Probe  
  60  5:20  Nexus  
  61  5:21  Probe  
  62  5:28  Robotics Facility  
  62  5:30  Probe  
  62  5:33  Probe  
  64  5:42  Probe  
  65  5:44  Gateway  
  65  5:45  Probe  
  65  5:46  Gateway  
  66  5:50  Shield Battery  
  66  5:54  Probe  
  67  5:57  Stalker  
  67  5:58  Probe  
  67  6:02  Pylon  
  66  6:06  Probe (Chrono Boost)  
  66  6:10  Probe (Chrono Boost)  
  67  6:18  Probe (Chrono Boost)  
  67  6:19  Observer  
  67  6:22  Probe (Chrono Boost)  
  69  6:26  Probe (Chrono Boost)  
  69  6:27  Probe (Chrono Boost)  
  69  6:32  Probe x2  
  72  6:36  Probe  
  74  6:40  Immortal  
  74  6:41  Stalker  
  74  6:44  Probe x2  
  74  6:46  Stalker  
  84  6:48  Probe  
  84  6:49  Stalker  
  84  6:50  Stalker  
  89  6:54  Charge  
  89  6:56  Probe  
  89  6:57  Probe  
  89  7:00  Probe  
  92  7:06  Stalker  
  90  7:11  Protoss Ground Weapons Level 2 (Chrono Boost), Assimilator  
  90  7:14  Pylon x2  
  90  7:15  Pylon  
  92  7:20  Warp Prism  
  92  7:25  Templar Archives  
  92  7:29  Gateway  
  92  7:30  Gateway  
  92  7:35  Gateway  
  92  7:36  Gateway  
  92  7:41  Observer  
  88  7:44  Stalker x4  
  88  7:47  Gateway  
  96  8:04  Pylon  
  96  8:05  Pylon  
  96  8:10  Zealot x4  
  96  8:12  Pylon  
  104  8:14  Pylon  
  104  8:16  Nexus  
  104  8:19  Pylon  
  104  8:29  High Templar  
  104  8:30  High Templar  
  104  8:31  Zealot x5  
  104  8:34  Archon, Zealot  
  120  8:44  Probe  
  120  8:45  Probe  
  122  8:49  Stalker  
  122  8:51  Stalker x2  
  122  8:52  Stalker  
  130  8:55  Shield Battery  
  130  9:00  Probe  
  130  9:02  Dark Shrine  
  131  9:07  High Templar x2  
  131  9:08  Zealot x3  
  141  9:10  Pylon, Shield Battery  
  141  9:14  Archon  
  141  9:15  Probe  
  142  9:18  Zealot x3  
  146  9:29  Zealot x4  
  152  9:42  High Templar x2, Zealot x3  
  160  9:46  Archon  
  160  9:50  Zealot x4  
  166  9:57  Probe  
  147  10:05  Probe  
  130  10:07  Zealot x3  
  130  10:09  Probe  
  117  10:14  Zealot x6  
  118  10:28  Dark Templar x3  
  116  10:33  Probe  
  100  10:37  Dark Templar x2  
  100  10:40  Zealot x4  
  108  10:43  Probe  
  103  10:53  Probe  
  104  10:59  Probe  
  104  11:00  Dark Templar x2  
  104  11:01  Zealot x4  
  104  11:02  Probe  
  110  11:05  Probe  
  110  11:06  Probe  
  110  11:11  Probe  
  105  11:14  Probe  
  105  11:17  Probe  
  97  11:19  Archon  
  97  11:23  Zealot x7  
  97  11:25  Probe  
  104  11:29  Probe  
  104  11:30  Probe x2  
  105  11:35  Stalker x2  
  105  11:37  Probe  
  108  11:41  Probe  
  108  11:42  Probe  
  108  11:43  Probe  
  95  11:49  Probe  
  95  11:52  Stalker x4  
  91  12:03  Stalker x5  
  91  12:05  Observer (Chrono Boost)  
  100  12:19  Stalker x4  
  108  12:23  Warp Prism (Chrono Boost)  
  104  12:36  Stalker  
  104  12:37  Stalker x4  
  110  12:40  Assimilator  
  110  12:41  Assimilator  
  110  12:42  Zealot x4, Assimilator  
  118  13:00  Zealot x5  
  118  13:03  Zealot x3  
  118  13:04  Zealot  
  128  13:20  Zealot x5  
Tags
 
Add a new tag
Caveats
  • Supply blocks, unpowered buildings, or Contaminate may cause inaccurate times.
  • Supply counts are checked every 10 seconds.